[Event "Early-Titled-Tuesday-Blitz-April-23-2024"]
[Site "Chess.com"]
[Date "2024.04.23"]
[Round "11"]
[White "FischerKasparow"]
[Black "C_K_G"]
[Result "0-1"]
[WhiteElo "2108"]
[BlackElo "2292"]
[TimeControl "180+1"]
[EndTime "10:10:22 PDT"]
[Termination "C_K_G won by checkmate"]

1. e4 c5 2. Nf3 d6 3. d4 cxd4 4. Nxd4 Nf6 5. Nc3 a6 6. a4 e6 7. Be2 Be7 8. O-O O-O 9. f4 b6 10. Kh1 Bb7 11. Bd3 Nbd7 12. Be3 Nc5 13. e5 dxe5 14.
fxe5 Nd5 15. Nxd5 Qxd5 16. Nf3 Rad8 17. Qe2 Nxd3 18. cxd3 Qxd3 19. Qxd3 Rxd3 20. Bxb6 Rb3 21. Bd4 Rd8 22. Bc3 Bxf3 23. Rxf3 Bb4 24. h3 Bxc3 25.
Rxc3 Rxb2 26. Rc6 g6 27. Rxa6 Rdd2 28. Rg1 Re2 29. Ra5 Ra2 30. Kh2 Kg7 31. Kg3 h5 32. h4 Ra3+ 33. Kf4 Rb2 34. Kg5 Rb4 35. g3 Rg4# 0-1

[Event "Early-Titled-Tuesday-Blitz-April-23-2024"]
[Site "Chess.com"]
[Date "2024.04.23"]
[Round "11"]
[White "CristianS27"]
[Black "FGHSMN"]
[Result "0-1"]
[WhiteElo "2582"]
[BlackElo "2897"]
[TimeControl "180+1"]
[EndTime "10:10:23 PDT"]
[Termination "FGHSMN won by resignation"]

1. e4 c6 2. d4 d5 3. exd5 cxd5 4. c4 Nf6 5. Nc3 Nc6 6. Bg5 e6 7. Nf3 Be7 8. c5 O-O 9. Bb5 Bd7 10. O-O Ne4 11. Bxe7 Nxe7 12. Bd3 Nxc3 13. bxc3 Ng6 14. Rb1 Qc7 15. Bxg6 hxg6 16. Ne5 Be8 17. Re1 f6 18. Nd3 Bf7 19. Qg4 g5 20. h4 gxh4 21. Qxh4 Rae8 22.
Re3 Bg6 23. Rbe1 Bf5 24. Nf4 g5 25. Rg3 Re7 26. Nh5 Kh8 27. Qh2 Rh7 28. f3 Qf7 0-1

[Event "Early-Titled-Tuesday-Blitz-April-23-2024"]
[Site "Chess.com"]
[Date "2024.04.23"]
[Round "11"]
[White "ChristianArca"]
[Black "Artem_Koval"]
[Result "0-1"]
[WhiteElo "2637"]
[BlackElo "2559"]
[TimeControl "180+1"]
[EndTime "10:10:23 PDT"]
[Termination "Artem_Koval won by resignation"]

1. e4 c5 2. Nf3 d6 3. Bb5+ Nd7 4. O-O Nf6 5. Re1 a6 6. Bd3 g6 7. c3 Bg7 8. Bc2 O-O 9. d4 e5 10. a4 Re8 11. Na3 cxd4 12. cxd4 d5 13. dxe5 Nxe5 14. Nxe5 Rxe5 15. Nc4 Re8 16. exd5 Rxe1+ 17. Qxe1 Nxd5 18. Ra3 Be6 19. Ne3 Nxe3 20. Rxe3 Rc8 21. Be4 Qc7 22.
Bd2 Bxb2 23. h4 Bf6 24. h5 Bg5 25. h6 Bxh6 26. Rc3 Bxd2 0-1

[Event "Early-Titled-Tuesday-Blitz-April-23-2024"]
[Site "Chess.com"]
[Date "2024.04.23"]
[Round "11"]
[White "FaustinoOro"]
[Black "UK_23"]
[Result "1-0"]
[WhiteElo "2870"]
[BlackElo "2497"]
[TimeControl "180+1"]
[EndTime "10:10:26 PDT"]
[Termination "FaustinoOro won by resignation"]

1. e4 c5 2. Nf3 e6 3. g3 Nc6 4. Bg2 Nf6 5. Qe2 e5 6. O-O Be7 7. c3 O-O 8. Rd1 Re8 9. Na3 d5 10. d3 Bf8 11. Bg5 Be6 12. Nc2 d4 13. c4 Rb8 14. b3 h6 15. Bd2 b5 16. cxb5 Rxb5 17.
Na3 Rb7 18. Rac1 Nd7 19. Nc4 f6 20. Nh4 Nb6 21. Na5 Nxa5 22. Bxa5 Qd7 23. Rf1 Bg4 24. Qc2 Rc8 25. f4 exf4 26. gxf4 Rbb8 27. f5 Bh5 28.
Bf3 Qf7 29. Qe2 Bxf3 30. Qxf3 Bd6 31. Ng6 Nd7 32. Kh1 Ne5 33. Nxe5 Bxe5 34. Rg1 Rb7 35. Rg6 Kh8 36. Rcg1 Qg8 37. Bd2 Qh7 38. Qh5 Rg8 39. Bxh6 a5 40. Qf3 gxh6 41. Rxg8+ Qxg8 42. Rxg8+ Kxg8 43. Qh5 a4 44. Qe8+ Kg7 45. Qxa4 Kf7 46. Qc4+ Ke7 47. Qxc5+ 1-0

[Event "Early-Titled-Tuesday-Blitz-April-23-2024"]
[Site "Chess.com"]
[Date "2024.04.23"]
[Round "11"]
[White "DarZay"]
[Black "Golubovsky"]
[Result "0-1"]
[WhiteElo "2334"]
[BlackElo "2526"]
[TimeControl "180+1"]
[EndTime "10:10:26 PDT"]
[Termination "Golubovsky won by checkmate"]

1. e4 c5 2. Nf3 d6 3. d4 cxd4 4.
Nxd4 Nf6 5. Nc3 a6 6. a4 e5 7. Nb3 Be6 8. Be3 Ng4 9. Bc1 Qb6 10.
Qf3 Nc6 11. h3 Bxb3 12. cxb3 Nd4 13. Qd1 Nxb3 14. hxg4 Nxa1 15. Nd5 Qc6 16. Bd3 Nb3 17. Qxb3 Qxc1+ 18. Ke2 Qc6 19. Nb6 Rb8 20. f3 Be7 21. Bc4 O-O 22. a5 Bd8 23. Rc1 Kh8 24. Bd5 Qxc1 25.
Nd7 Bg5 26. Nxf8 Rxf8 27. Qd3 Qxb2+ 28. Kf1 Qc1+ 29. Kf2 Qb2+ 30. Kf1 Qa1+ 31. Kf2 Qd4+ 32. Qxd4 exd4 33. Ke2 Rb8 34. Bxf7 b6 35. axb6 Rxb6 36. Kd3 Be3 37. g3 a5 38. f4 g6 39. e5 dxe5 40.
fxe5 Kg7 41. Bc4 a4 42. e6 Kf8 43. Ke4 Ke7 44. Ke5 a3 45. g5 Rc6 46. Bd5 Rc5 47. Ke4 Rxd5 48. Kxd5 d3 49. Ke5 d2 50. Ke4 d1=Q 51. Kxe3 a2 52. g4 a1=Q 53. Kf4 Qad4+ 54. Kg3 Q4xg4+ 55. Kh2 Qdg1# 0-1

[Event "Early-Titled-Tuesday-Blitz-April-23-2024"]
[Site "Chess.com"]
[Date "2024.04.23"]
[Round "11"]
[White "McCarthyStone"]
[Black "Chernov_Alexander_A"]
[Result "1-0"]
[WhiteElo "2417"]
[BlackElo "2275"]
[TimeControl "180+1"]
[EndTime "10:10:32 PDT"]
[Termination "McCarthyStone won on time"]

1. b3 e5 2. Bb2 Nc6 3. e3 Nf6 4. Bb5 Bd6 5. Na3 a6 6. Be2 Bc5 7. d4 exd4 8. exd4 Bb4+ 9. c3 Be7 10. Nf3 O-O 11. Nc4 Re8 12. O-O b5 13. Ne3 d6 14. d5 Ne5 15. Nxe5 dxe5 16. c4 Bc5 17.
cxb5 Bxe3 18. fxe3 Nxd5 19. Bc4 Be6 20. Bxe5 Nxe3 21.
Qxd8 Raxd8 22. Bxc7 Rc8 23. b6 Bxc4 24. bxc4 Nxf1 25. Rxf1 Re7 26. Rd1 h6 27. Rd8+ Rxd8 28. Bxd8 Rd7 29. Bc7 Rd1+ 30. Kf2 Rb1 31. c5 Kf8 32. c6 Rb2+ 33. Kf3 Rxa2 34. b7 Ra3+ 35. Ke4 Rb3 36. b8=Q+ Rxb8 37. Bxb8 Ke7 38. Bc7 1-0

[Event "Early-Titled-Tuesday-Blitz-April-23-2024"]
[Site "Chess.com"]
[Date "2024.04.23"]
[Round "11"]
[White "ozates"]
[Black "Alexchess1984"]
[Result "0-1"]
[WhiteElo "2564"]
[BlackElo "2673"]
[TimeControl "180+1"]
[EndTime "10:10:34 PDT"]
[Termination "Alexchess1984 won by resignation"]

1. e4 e6 2. d4 d5 3. Nd2 Nf6 4. e5 Nfd7 5. f4 c5 6. c3 Nc6 7. Ndf3 Be7 8. Bd3 f5 9. exf6 Nxf6 10. Ne2 O-O 11. O-O Qb6 12. Kh1 Bd7 13. dxc5 Bxc5 14. Bc2 Be8 15. Ne5 Bh5 16. Qe1 Nxe5 17. fxe5 Ng4 18.
Nf4 Nf2+ 19. Rxf2 Bxf2 20. Qf1 Rxf4 21. Bxf4 Rf8 22. Bg3 Bxg3 23. Bxh7+ Kxh7 24. Qxf8 Bxe5 25. Re1 Bf6 26. h3 Qf2 27. Rg1 Qg3 28. Rf1 Be2 29.
Qe8 Qg6 30. Qxg6+ Kxg6 31. Re1 Bc4 32. b3 Ba6 33. Rxe6 Kf5 34. Rd6 Ke4 35. Rd7 Bxc3 36. g4 d4 37. Kg2 d3 38. Kf2 d2 0-1

[Event "Early-Titled-Tuesday-Blitz-April-23-2024"]
[Site "Chess.com"]
[Date "2024.04.23"]
[Round "11"]
[White "rhwr"]
[Black "DonJuanEGenaro"]
[Result "1-0"]
[WhiteElo "2290"]
[BlackElo "2041"]
[TimeControl "180+1"]
[EndTime "10:10:35 PDT"]
[Termination "rhwr won on time"]

1. e4 c5 2. Nf3 Nc6 3. d4 cxd4 4. Nxd4 Nf6 5. Nc3 d6 6. Be2 e5 7. Nb3 Be7 8. O-O O-O 9. Be3 a5 10. a4 Nb4 11. f4 Be6 12. f5 Bxb3 13. cxb3 d5 14.
exd5 Nfxd5 15. Bf2 Rc8 16. Bc4 Nf4 17. Ne4 Nfd3 18.
Qe2 Nf4 19. Qg4 h5 20. Qf3 Rxc4 21. bxc4 Qc7 22. b3 Rd8 23. Rad1 Nbd3 24. Be3 g5 25. fxg6 fxg6 26. g3 Nh3+ 27. Kg2 Qc6 28. Kxh3 Rf8 29. Qg2 Qe6+ 30. g4 hxg4+ 31. Qxg4 1-0

[Event "Early-Titled-Tuesday-Blitz-April-23-2024"]
[Site "Chess.com"]
[Date "2024.04.23"]
[Round "11"]
[White "temiksmozg"]
[Black "Fandorine"]
[Result "1/2-1/2"]
[WhiteElo "2711"]
[BlackElo "2923"]
[TimeControl "180+1"]
[EndTime "10:10:36 PDT"]
[Termination "Game drawn by agreement"]

1. e4 c5 2. Nf3 e6 3. g3 d5 4. exd5 exd5 5. d4 cxd4 6. Nxd4 Nc6 7. Bg2 Bc5 8. c3 Nxd4 9. cxd4 Bb6 10. O-O Ne7 11.
Nc3 O-O 12. Re1 Be6 13. Bg5 Re8 14. Qb3 Bxd4 15. Rad1 Bxc3 16. bxc3 Qc7 17. Bxe7 Rxe7 18. Bxd5 Bxd5 19. Qxd5 Rxe1+ 20. Rxe1 h6 21. c4 Rd8 22.
Qe4 b6 23. h4 Rc8 24. Qd3 h5 25.
Re4 g6 26. Rd4 Re8 27. Rd7 Re1+ 28. Kg2 Qc6+ 29. Qd5 Qxd5+ 30. cxd5 Rd1 1/2-1/2

[Event "Early-Titled-Tuesday-Blitz-April-23-2024"]
[Site "Chess.com"]
[Date "2024.04.23"]
[Round "11"]
[White "BallottiLuca"]
[Black "Sasha_Solovev_777"]
[Result "1-0"]
[WhiteElo "2387"]
[BlackElo "2239"]
[TimeControl "180+1"]
[EndTime "10:10:38 PDT"]
[Termination "BallottiLuca won by resignation"]

1. e4 c5 2. a3 d5 3. exd5 Qxd5 4.
Nc3 Qd8 5. Nf3 Nc6 6. b4 e6 7.
bxc5 Bxc5 8. Bb5 Ne7 9. d4 Bb6 10. O-O O-O 11. Be3 Nf5 12. Bxc6 bxc6 13. Ne4 Qd5 14. Qd3 Nxe3 15. fxe3 a5 16. c4 Ba6 17. Neg5 g6 18. cxd5 Bxd3 19. Rfd1 Be2 20. Rdb1 Rab8 21. dxc6 h6 22. Ne4 Bd3 23. Nf6+ Kg7 24. Nd7 Bxb1 25. Nxb8 Rxb8 26. Rxb1 Bc7 27. Rxb8 Bxb8 28. Ne5 Bc7 29. Nd7 f5 30. Nc5 Kf7 31. Na6 Bd6 32. c7 1-0

[Event "Early-Titled-Tuesday-Blitz-April-23-2024"]
[Site "Chess.com"]
[Date "2024.04.23"]
[Round "11"]
[White "bescmelasti"]
[Black "only_strong_moves"]
[Result "0-1"]
[WhiteElo "2618"]
[BlackElo "2710"]
[TimeControl "180+1"]
[EndTime "10:10:42 PDT"]
[Termination "only_strong_moves won by resignation"]

1. e4 c5 2. Nf3 Nc6 3. Bb5 Nf6 4. Bxc6 dxc6 5. d3 Qc7 6. O-O e5 7. a4 Be6 8. b3 Nd7 9. Ng5 Qd6 10. a5 Be7 11. Nxe6 Qxe6 12. Nd2 O-O 13. Nc4 b5 14. axb6 axb6 15. Bb2 b5 16. Ne3 Bg5 17. Qe2 Bxe3 18. Qxe3 c4 19. bxc4 bxc4 20. f4 cxd3 21. cxd3 exf4 22.
Qxf4 f6 23. Bd4 c5 24. Be3 Ne5 25. Qg3 Qe7 26. d4 cxd4 27. Bxd4 Nc6 28. Qd3 Kh8 29.
Rxa8 Rxa8 30. Bc3 Ra3 31. Qc4 Qe8 32. h3 Ra8 33. Rxf6 Ne5 34. Bxe5 Qxe5 35. Rf1 Re8 36. Re1 h6 37. Qd3 Rb8 38. Qf3 Re8 39. Re2 Re6 40.
Kf1 Rf6 0-1

[Event "Early-Titled-Tuesday-Blitz-April-23-2024"]
[Site "Chess.com"]
[Date "2024.04.23"]
[Round "11"]
[White "Eliwood44"]
[Black "UmarovSabir"]
[Result "1-0"]
[WhiteElo "2457"]
[BlackElo "2314"]
[TimeControl "180+1"]
[EndTime "10:10:42 PDT"]
[Termination "Eliwood44 won on time"]

1. d4 c6 2. c4 d6 3. Nc3 g6 4. e4 Bg7 5. Nf3 Bg4 6. Be2 Qb6 7. d5 Bxc3+ 8. bxc3 Nf6 9. Nd2 Bxe2 10. Qxe2 Qa5 11. O-O Nbd7 12. Rb1 Qa6 13. Re1 O-O 14. Nf3 Nc5 15.
e5 dxe5 16. dxc6 e4 17. cxb7 Rab8 18. Nd4 Nd3 19. Rd1 Nxc1 20. Rbxc1 Rxb7 21. Nb5 Rc8 22. Rd4 Qa4 23. Qd1 Qxd1+ 24. Rcxd1 Kg7 25. g4 e5 26. R4d2 Re7 27. g5 Nh5 28. Nd6 Rc6 29. Nxe4 Rxc4 30. f3 Nf4 31. h4 Rec7 32. Rd8 Ne2+ 33. Kh2 Nxc3 34. Nf6 Rc8 35. R1d7 Ne2 36. Ne8+ Kf8 37. Rxc8 Rxc8 38. Nd6 1-0

[Event "Early-Titled-Tuesday-Blitz-April-23-2024"]
[Site "Chess.com"]
[Date "2024.04.23"]
[Round "11"]
[White "Dewarfd"]
[Black "StelaSfw"]
[Result "0-1"]
[WhiteElo "2071"]
[BlackElo "1788"]
[TimeControl "180+1"]
[EndTime "10:10:42 PDT"]
[Termination "StelaSfw won by resignation"]

1. c4 Nf6 2. Nc3 c5 3. e4 d6 4. g3 g6 5. Bg2 Bg7 6. Nge2 O-O 7. O-O Nc6 8. d3 a6 9. Be3 Bg4 10. Qd2 Qd7 11. Bh6 Bh3 12. Bxg7 Kxg7 13. Nd5 Bxg2 14. Kxg2 Nxd5 15. cxd5 Ne5 16. f4 Ng4 17. h3 Nf6 18. Nc3 b5 19. Rae1 b4 20. e5 dxe5 21. fxe5 Nxd5 22. Ne4 Qc6 23. Rc1 f5 24. exf6+ Nxf6 25. Rxc5 Nxe4 26. Rxc6 Nxd2 27. Re1 Rf7 28. Ree6 b3 29.
axb3 Nxb3 30. Rxa6 Rxa6 31. Rxa6 Nd4 32. Ra7 e5 33.
Rxf7+ Kxf7 34. Kf2 Ke6 35. Ke3 Kd5 36. h4 h5 37. b4 Nf5+ 38. Kf3 Kd4 39. b5 Nd6 40. b6 Kxd3 41. g4 hxg4+ 42. Kxg4 e4 43. Kg5 e3 44. Kxg6 e2 45. h5 e1=Q 46. h6 Qg1+ 47.
Kf6 Qf2+ 48. Kg7 Nf5+ 49. Kg6 Nxh6 50. b7 Qb6+ 51. Kh7 Ng4 52. b8=Q Qxb8 53. Kg6 Qb5 54.
Kh7 Qg5 55. Kh8 Ke4 56. Kh7 Kf5 57. Kh8 Kf6 0-1

[Event "Early-Titled-Tuesday-Blitz-April-23-2024"]
[Site "Chess.com"]
[Date "2024.04.23"]
[Round "11"]
[White "Silvederione"]
[Black "alexrustemov"]
[Result "0-1"]
[WhiteElo "2487"]
[BlackElo "2838"]
[TimeControl "180+1"]
[EndTime "10:10:43 PDT"]
[Termination "alexrustemov won by resignation"]

1. d4 Nf6 2. Nc3 d5 3. Bf4 c5 4.
e3 cxd4 5. exd4 a6 6. Nf3 Nc6 7.
Ne5 e6 8. Nxc6 bxc6 9. Na4 Bd6 10. Bxd6 Qxd6 11. Bd3 O-O 12. O-O a5 13. Re1 Ba6 14. Nc5 Bxd3 15. Qxd3 Nd7 16. Nxd7 Qxd7 17. b3 Qa7 18.
Rac1 Rfb8 19. Re3 c5 20. Rh3 h6 21. c4 Rd8 22. cxd5 Rxd5 23. Rxc5 Rxc5 24. dxc5 Qxc5 25. Re3 Rc8 26. h3 g6 27. Kh2 h5 28. Rf3 Qe5+ 29. g3 Rc1 30. Qe3 Qa1 31. g4 h4 32. Rf4 Rh1+ 33. Kg2 Qf1+ 34. Kf3 Rxh3+ 35. Ke4 Rxe3+ 36. fxe3 Qg2+ 37. Ke5 h3 38. Kf6 h2 39. Rd4 h1=Q 40. g5 Qf2+ 41. Ke7 Qxe3 42. Rd8+ Kg7 43. b4 Qxg5+ 44.
Ke8 Qc6+ 0-1

[Event "Early-Titled-Tuesday-Blitz-April-23-2024"]
[Site "Chess.com"]
[Date "2024.04.23"]
[Round "11"]
[White "ReinisUz"]
[Black "Lupul_Cenusiu"]
[Result "1-0"]
[WhiteElo "2477"]
[BlackElo "2635"]
[TimeControl "180+1"]
[EndTime "10:10:43 PDT"]
[Termination "ReinisUz won by checkmate"]

1. c4 e6 2. Nc3 Nf6 3. d4 d5 4. cxd5 exd5 5. Bg5 Be7 6. e3 O-O 7. Qc2 c6 8. h3 Re8 9. Bd3 h6 10. Bf4 Bd6 11. Bxd6 Qxd6 12. Nge2 Be6 13. Nf4 Nbd7 14. Nxe6 Rxe6 15. O-O Rae8 16. a3 Ne4 17. b4 a6 18.
Rab1 Ndf6 19. a4 Nxc3 20. Qxc3 Ne4 21. Bxe4 Rxe4 22. b5 axb5 23. axb5 f5 24. bxc6 bxc6 25. Rfc1 R4e6 26. Rb6 Rc8 27. Qc5 Qd7 28. Qb4 Kf7 29. Qa5 Kf6 30. Rcb1 Re7 31. Qa6 g5 32. Rb7 Rc7 33.
Rxc7 Qxc7 34. Rb6 Re6 35. Rb7 Qd8 36. Qa7 Re7 37. Rxe7 Qxe7 38. Qa8 Qd6 39. Qh8+ Kg6 40. Qg8+ Kf6 41. Qh7 Qb4 42. Qxh6+ Kf7 43. Qh7+ Kf6 44.
Qh8+ Kf7 45. Qh5+ Kf6 46. Qf3 Qe1+ 47. Kh2 Kg6 48. Qg3 Kh5 49. Qc7 Qxf2 50. Qh7# 1-0

[Event "Early-Titled-Tuesday-Blitz-April-23-2024"]
[Site "Chess.com"]
[Date "2024.04.23"]
[Round "11"]
[White "viktorgen2021"]
[Black "viktorskliarov"]
[Result "1-0"]
[WhiteElo "2490"]
[BlackElo "2595"]
[TimeControl "180+1"]
[EndTime "10:10:44 PDT"]
[Termination "viktorgen2021 won by resignation"]

1. e4 c5 2. Nc3 Nc6 3. g3 g6 4.
Bg2 Bg7 5. d3 d6 6. Nge2 h5 7. h3 Nf6 8. Be3 Rb8 9. a4 a6 10. O-O b5 11. axb5 axb5 12. d4 cxd4 13. Nxd4 Ne5 14. f4 Nc4 15. Bf2 Bb7 16. b3 Nb6 17. Ndxb5 O-O 18. Ra7 Nfd7 19. Qe2 Bc6 20. Nd4 Ba8 21. f5 Ne5 22. fxg6 Nxg6 23. Qxh5 Rb7 24.
Rxb7 Bxb7 25. Nd5 Nxd5 26. exd5 Qa5 27. Nf5 Qd2 28. Be4 Rc8 29. Be3 Qc3 30. Nxe7+ Nxe7 31. Qxf7+ Kh8 32. Qh5+ Kg8 33. Bh7+ Kh8 34. Bg6+ 1-0

[Event "Early-Titled-Tuesday-Blitz-April-23-2024"]
[Site "Chess.com"]
[Date "2024.04.23"]
[Round "11"]
[White "NigiriSushies"]
[Black "guillembaches"]
[Result "0-1"]
[WhiteElo "2452"]
[BlackElo "2585"]
[TimeControl "180+1"]
[EndTime "10:10:44 PDT"]
[Termination "guillembaches won on time"]

1. e4 d5 2. exd5 Qxd5 3. Nc3 Qa5 4. Nf3 Nf6 5. Be2 Bg4 6. h3 Bh5 7. O-O e6 8. d4 c6 9. Ne5 Bg6 10. Bf4 Bb4 11. Nc4 Qd8 12. a3 Bxc3 13. Nd6+ Kf8 14. bxc3 Nd5 15. Nxb7 Qb6 16. Bd6+ Kg8 17. Rb1 Nxc3 18. Rxb6 Nxd1 19. Rb4 Nc3 20. Bf3 Nd7 21. Bxc6 Nb6 22. Na5 Rc8 23. Bc5 Bxc2 24. Bxb6 Ne2+ 25. Kh2 axb6 26. Rxb6 Nxd4 27. Bb7 Rc5 28. Be4 g6 29. Bxc2 Rxa5 0-1

[Event "Early-Titled-Tuesday-Blitz-April-23-2024"]
[Site "Chess.com"]
[Date "2024.04.23"]
[Round "11"]
[White "whiteglovethief"]
[Black "giovannibrandao7"]
[Result "0-1"]
[WhiteElo "2569"]
[BlackElo "2375"]
[TimeControl "180+1"]
[EndTime "10:10:47 PDT"]
[Termination "giovannibrandao7 won by resignation"]

1. d4 Nf6 2. c4 g6 3. Nc3 d5 4.
Bg5 c6 5. Bxf6 exf6 6. cxd5 cxd5 7. e3 Nc6 8. Qb3 Bg7 9. Qxd5 Qxd5 10. Nxd5 O-O 11.
Bb5 Be6 12. Bxc6 bxc6 13. Nc3 Rab8 14. b3 c5 15. dxc5 f5 16. Rc1 Rfc8 17. Nge2 Rxc5 18. O-O Rbc8 19. Na4 Rc2 20. Nec3 R2xc3 21. Nxc3 Rxc3 22. Rxc3 Bxc3 23. Rc1 Ba5 24. g3 Kf8 25. h4 Ke7 26.
Kf1 h5 27. Ke2 Kd6 28. Kd3 Bb6 29. Kc3 Kd5 30. Kb4 Ke4 31. a4 Bd8 32. Rc2 a5+ 33.
Ka3 Be7+ 34. Kb2 Bb4 35. Kc1 Bxb3 36. Rc7 Kf3 37. Kb2 Be6 38. Rc2 Be1 39. Ka3 Bxf2 40. Rc5 Be1 0-1

[Event "Early-Titled-Tuesday-Blitz-April-23-2024"]
[Site "Chess.com"]
[Date "2024.04.23"]
[Round "11"]
[White "Barath1308"]
[Black "dontcatchmeifyoucant"]
[Result "0-1"]
[WhiteElo "2524"]
[BlackElo "2408"]
[TimeControl "180+1"]
[EndTime "10:10:47 PDT"]
[Termination "dontcatchmeifyoucant won by resignation"]

1. Nf3 Nf6 2. d4 e6 3. e3 b6 4. Bd3 Bb7 5. O-O Be7 6. c3 O-O 7. Nbd2 c5 8. e4 cxd4 9. cxd4 d6 10. a3 Nbd7 11. Qe2 Rc8 12. Rd1 Qc7 13. Nf1 e5 14.
Ng3 Rfe8 15. Nf5 Bf8 16. Bd2 exd4 17. N3xd4 Bxe4 18. Bxe4 Rxe4 19. Qf3 Rce8 20. Rac1 Qb8 21. Bf4 Ne5 22. Bxe5 dxe5 23. Nc6 Qb7 24. Nh6+ gxh6 25. Qxf6 Rf4 26. Nd8 Qa8 27. Qc6 Rxd8 28. Rxd8 Qxd8 29. Qc2 Bc5 30. Rf1 Qf6 31. b4 Bd4 32. g3 Rf3 33. Kg2 Kg7 34. Qe2 Rxf2+ 35. Rxf2 Qxf2+ 36. Qxf2 Bxf2 37. Kxf2 f5 38. Ke3 b5 39. h3 h5 40.
Kf3 Kf6 41. Ke3 Ke6 42. Ke2 Kd5 43. Kd3 h6 44. h4 a6 0-1

[Event "Early-Titled-Tuesday-Blitz-April-23-2024"]
[Site "Chess.com"]
[Date "2024.04.23"]
[Round "11"]
[White "KhazhatulyAlikhan"]
[Black "BardArtem"]
[Result "1-0"]
[WhiteElo "2514"]
[BlackElo "2817"]
[TimeControl "180+1"]
[EndTime "10:10:48 PDT"]
[Termination "KhazhatulyAlikhan won on time"]

1. e4 c6 2. d4 d5 3. Nd2 dxe4 4. Nxe4 Bf5 5. Ng3 Bg6 6. h4 h6 7. Nf3 Nd7 8. Bf4 e6 9. Bd3 Bxd3 10.
Qxd3 Ngf6 11. O-O Be7 12. c4 O-O 13. Rad1 Qa5 14. a3 Rad8 15. b4 Qa6 16. Rfe1 b5 17.
c5 Nd5 18. Bd2 Rfe8 19. Nh5 N7f6 20. Nxf6+ Bxf6 21. g4 Be7 22. g5 hxg5 23. hxg5 g6 24. Kg2 Bf8 25. Qe4 Bg7 26. Ne5 Qxa3 27. Nxc6 Rd7 28. Ra1 Qb2 29. Qd3 e5 30. Reb1 e4 31. Rxb2 exd3 32. Rxa7 Rxa7 33. Nxa7 Bxd4 34. Rb3 Re2 35.
Rxd3 Bxf2 36. Kf1 Rxd2 37. Rxd2 Bxc5 38. bxc5 1-0

[Event "Early-Titled-Tuesday-Blitz-April-23-2024"]
[Site "Chess.com"]
[Date "2024.04.23"]
[Round "11"]
[White "maracayo"]
[Black "DeArron_Fox"]
[Result "1-0"]
[WhiteElo "2359"]
[BlackElo "2491"]
[TimeControl "180+1"]
[EndTime "10:10:48 PDT"]
[Termination "maracayo won by resignation"]

1. e4 c5 2. Nf3 e6 3. d3 Nc6 4. Nbd2 d5 5. Be2 Nf6 6. O-O Be7 7. Re1 O-O 8. c3 b5 9. h3 a5 10. exd5 Nxd5 11. d4 cxd4 12. cxd4 b4 13. Nc4 Ba6 14. Nce5 Nxe5 15. Nxe5 Bf6 16. Bf3 Rc8 17. a3 Rc7 18. Bxd5 Qxd5 19. Bf4 Rb7 20. Rc1 bxa3 21. bxa3 Be7 22.
Rc3 Rb2 23. Nc6 Bf6 24. Re5 Bxe5 25. Ne7+ Kh8 26. Nxd5 Bxf4 27. Nxf4 Rfb8 28. Qh5 h6 29. Qxf7 1-0

[Event "Early-Titled-Tuesday-Blitz-April-23-2024"]
[Site "Chess.com"]
[Date "2024.04.23"]
[Round "11"]
[White "kai_nov"]
[Black "MikeWizard"]
[Result "1/2-1/2"]
[WhiteElo "2251"]
[BlackElo "2187"]
[TimeControl "180+1"]
[EndTime "10:10:48 PDT"]
[Termination "Game drawn by repetition"]

1. e4 d6 2. d4 Nf6 3. Nc3 Nbd7 4. Nf3 e5 5. dxe5 dxe5 6. Bg5 Be7 7. Bxf6 Bxf6 8.
Bc4 c6 9. O-O O-O 10. Ne2 Nc5 11. Ng3 Qb6 12. Bb3 Rd8 13. Qe2 Nxb3 14. axb3 Bg4 15.
h3 Bxf3 16. Qxf3 Rd2 17. Nh5 c5 18. Nxf6+ Qxf6 19. Qc3 Qd6 20. Ra5 b6 21. Ra6 g6 22.
Rfa1 Rd1+ 23. Rxd1 Qxd1+ 24. Kh2 Qd6 25. Qc4 Qc7 26.
Qd5 Rd8 27. Rxa7 Rxd5 28. Rxc7 Rd2 29. Rb7 Rxc2 30. Rxb6 Rxf2 31. Rb5 Rxb2 32. Rxc5 Rxb3 33. Rxe5 Re3 34. Re8+ Kg7 35. Kg1 Re2 36. Kf1 Ra2 37.
e5 h5 38. Rd8 Ra5 39. Re8 Ra2 40. Rd8 Ra5 41. Re8 Ra2 1/2-1/2

[Event "Early-Titled-Tuesday-Blitz-April-23-2024"]
[Site "Chess.com"]
[Date "2024.04.23"]
[Round "11"]
[White "WiktoriaPOL"]
[Black "2Coaches1Profile"]
[Result "0-1"]
[WhiteElo "2411"]
[BlackElo "2561"]
[TimeControl "180+1"]
[EndTime "10:10:50 PDT"]
[Termination "2Coaches1Profile won by resignation"]

1. c4 e5 2. Nc3 Bb4 3. Nd5 Be7 4.
d4 d6 5. Nf3 e4 6. Nd2 c6 7.
Nxe7 Qxe7 8. e3 f5 9. Be2 Nf6 10.
Qc2 O-O 11. b4 Be6 12. a4 Nbd7 13. Ba3 Bf7 14. Qb2 Rae8 15. b5 c5 16. Nb3 f4 17.
exf4 e3 18. f3 Nh5 19. g3 b6 20. d5 g5 21. fxg5 Qxg5 22. O-O-O Bg6 23. f4 Rxf4 24.
gxf4 Nxf4 25. Rhg1 Qf5 26. Bg4 Qe4 27. Na1 Ne5 28. Nc2 Ned3+ 29. Rxd3 Nxd3+ 0-1

[Event "Early-Titled-Tuesday-Blitz-April-23-2024"]
[Site "Chess.com"]
[Date "2024.04.23"]
[Round "11"]
[White "HanSchut"]
[Black "Alenzer"]
[Result "0-1"]
[WhiteElo "2327"]
[BlackElo "2241"]
[TimeControl "180+1"]
[EndTime "10:10:50 PDT"]
[Termination "Alenzer won by resignation"]

1. e4 c5 2. Nf3 e6 3. c4 Nc6 4. Nc3 d6 5. d4 cxd4 6. Nxd4 Nf6 7. Be3 Be7 8. Be2 O-O 9. O-O a6 10. f3 Qc7 11. Qd2 Bd7 12. Rac1 Ne5 13. b3 Rac8 14. Rfd1 Qa5 15. Nd5 Qd8 16. Nxe7+ Qxe7 17. h3 d5 18. exd5 exd5 19. f4 Ng6 20. c5 Ne4 21. Qe1 Nxc5 22. Bf3 Rfe8 23. Bf2 Qd6 24. Qd2 Nxf4 25. Re1 Ncd3 26.
Rxe8+ Rxe8 27. Bg3 Nxh3+ 28. Kh2 Nhf4 29. Rc3 Qh6+ 30. Kg1 Nh3+ 31. gxh3 Qxd2 32. Rc7 Bxh3 33. Bf2 Qxf2+ 0-1

[Event "Early-Titled-Tuesday-Blitz-April-23-2024"]
[Site "Chess.com"]
[Date "2024.04.23"]
[Round "11"]
[White "ChessMA48"]
[Black "Zampronha1971"]
[Result "0-1"]
[WhiteElo "2297"]
[BlackElo "2440"]
[TimeControl "180+1"]
[EndTime "10:10:53 PDT"]
[Termination "Zampronha1971 won by checkmate"]

1. Nf3 Nf6 2. g3 e6 3. Bg2 c5 4. O-O d5 5. d3 Nc6 6. Nbd2 Be7 7. e4 O-O 8. Re1 b5 9. c3 a5 10. Qc2 a4 11. b3 axb3 12. Nxb3 c4 13. dxc4 bxc4 14.
Nbd4 Nxd4 15. Nxd4 Bb7 16. e5 Nd7 17. f4 g6 18. Be3 Nc5 19. Reb1 Qd7 20. h3 Ra6 21. Kh2 Rfa8 22. g4 Ra3 23. f5 Nd3 24. fxe6 fxe6 25. Qd2 Nxe5 26. Nxe6 Qxe6 27. Rxb7 R8a5 28. Rb8+ Kg7 29. Bh6+ Kf7 30. Rf1+ Bf6 31. g5 Rxa2 32. Qf4 Nd7 33. Rb7 Kg8 34. gxf6 Kf7 35.
Qc7 Rxg2+ 36. Kxg2 Qe4+ 37. Kh2 Ra2+ 38. Kg3 Rg2# 0-1

[Event "Early-Titled-Tuesday-Blitz-April-23-2024"]
[Site "Chess.com"]
[Date "2024.04.23"]
[Round "11"]
[White "Nemegejas"]
[Black "DrVelja"]
[Result "0-1"]
[WhiteElo "2814"]
[BlackElo "2987"]
[TimeControl "180+1"]
[EndTime "10:10:56 PDT"]
[Termination "DrVelja won on time"]

1. d4 d5 2. Nf3 Nf6 3. e3 e6 4. Bd3 Bd6 5. b3 b6 6. Bb2 Bb7 7. O-O O-O 8. Ne5 c5 9. Nd2 Nc6 10. a3 Rc8 11. Qe2 Qc7 12. f4 Ne7 13. dxc5 bxc5 14.
c4 Ng6 15. Ndf3 Rfd8 16. Rac1 Qe7 17. Ng5 Rf8 18. Ng4 Ne4 19. Bxe4 dxe4 20. Rcd1 f6 21. Nxe6 Qxe6 22. f5 Qe7 23. fxg6 hxg6 24. Rd2 Rcd8 25. Rfd1 f5 26. Nf2 f4 27. Ng4 f3 28. Qe1 Bc8 29.
h3 Bxg4 30. hxg4 Qg5 31. Qf2 fxg2 32. Qxg2 Qxe3+ 33. Kh1 Rf3 34. Rxd6 Rh3+ 0-1